 Dungeon Crawl Stone Soup version 0.23.2-11-gf996548c65 (webtiles) character file.

Game seed: 3648227093343169554

20293 bartek7090 the Fighter (level 12, 0/159 HPs)
             Began as a Demonspawn Berserker on June 4, 2019.
             Was a High Priest of Trog.
             Slain by a troll (8 damage)
             ... on level 2 of the Orcish Mines.
             The game lasted 00:26:21 (17655 turns).

bartek7090 the Fighter (Demonspawn Berserker)      Turns: 17655, Time: 00:26:22

Health: 0/159      AC:  8    Str: 26    XL:     12   Next: 44%
Magic:  0/4        EV: 16    Int:  9    God:    Trog [*****.]
Gold:   807        SH:  4    Dex: 19    Spells: 11/11 levels left

rFire    + . .     SeeInvis .   k - +7 executioner's axe (antimagic)
rCold    . . .     Gourm    .   (shield currently unavailable)
rNeg     + . .     Faith    +   D - +1 scale mail {rF+}
rPois    .         Spirit   +   r - +0 helmet
rElec    .         Reflect  .   K - scarf {Spirit}
rCorr    .         Harm     .   (no gloves)
MR       .....                  (no boots)
Stlth    ..........             l - amulet of faith
HPRegen  0.36/turn              O - ring of positive energy
MPRegen  0.09/turn              (no ring)

@: agile, berserking, very quick
A: claws 2, large bone plates 1, nightstalker 2, powered by pain 3
a: Berserk, Trog's Hand, Brothers in Arms, Renounce Religion


You were on level 2 of the Orcish Mines.
You worshipped Trog.
Trog was extremely pleased with you.
You were very full.

You visited 2 branches of the dungeon, and saw 14 of its levels.

You collected 942 gold pieces.
You spent 135 gold pieces at shops.

Inventory:

Hand Weapons
 k - a +7 antimagic executioner's axe (weapon)
 y - a +2 antimagic war axe
 z - a +4 war axe
Armour
 b - a +0 animal skin
 r - a +0 helmet (worn)
 D - a +1 scale mail of fire resistance (worn)
 K - a scarf of spirit shield (worn)
 L - a +2 cloak of invisibility
Jewellery
 l - an amulet of faith (around neck)
 O - a ring of positive energy (left claw)
Wands
 x - a wand of paralysis (7)
 C - a wand of random effects (25)
 G - a wand of disintegration (14)
 I - a wand of acid (11)
 J - a wand of digging (5)
Scrolls
 f - a scroll of blinking
 g - 5 scrolls of teleportation
 h - 3 scrolls of random uselessness
 i - 4 scrolls of remove curse
 j - 5 scrolls of immolation
 p - 3 scrolls of fog
 w - 4 scrolls of amnesia
 A - a scroll of magic mapping
 B - 4 scrolls of enchant armour
 H - a scroll of fear
 N - a scroll of vulnerability {unknown}
Potions
 a - a potion of heal wounds
 c - 2 potions of haste
 d - 5 potions of flight {unknown}
 e - 5 potions of curing
 n - a potion of agility
 q - 8 potions of brilliance
 s - 3 potions of ambrosia {unknown}
 t - a potion of invisibility {unknown}
 u - a potion of might {unknown}
 E - 2 potions of lignification {unknown}
 F - a potion of magic {unknown}
 M - a potion of mutation {unknown}
Comestibles
 m - 5 rations


   Skills:
 + Level 13.9 Fighting
 + Level 13.9 Axes
 - Level 1.7 Armour
 - Level 1.7 Dodging


You had 11 spell levels left.
You didn't know any spells.
Your spell library was empty.

Dungeon Overview and Level Annotations

Branches:
Dungeon (12/15)            Temple (0/1) D:5            Lair (0/6) D:10
    Orc (2/2) D:12            Elf (0/3) Orc:2

Altars:
Ashenzari
Cheibriados
Dithmenos
Gozag
Kikubaaqudgha
Makhleb
Okawaru
Xom
Yredelemnul
The Shining One

Shops:
D:9 [   D:11 (   D:12 [


Innate Abilities, Weirdness & Mutations

You have very sharp fingernails.
You are partially covered in large bone plates. (SH +4)
You are significantly more attuned to the shadows.
You are powered by pain.


Message History

Trog accepts your kill.
You slash the orc!
You kill the orc!
Trog accepts your kill.
A centaur comes into view.
The orc knight roars a battlecry!
The orc warrior goes into a battle-frenzy!
The orc warrior closely misses you.
The centaur wields a +0 shortbow.
The centaur shoots an arrow.
You block the arrow.
You hear a shout!
You hear a shout!
The orc warrior hits you but does no damage.
The centaur shoots an arrow.
The arrow barely misses you.
The centaur wields a +0 shortbow.
The centaur shoots an arrow.
The arrow hits you but does no damage.
Items here: ( )) [ an arrow; a +0 flail; a +0 chain mail; a +1 dagger of venom You feel a strong urge to attack something.
The troll barely misses you. The troll claws you!
You die...

*,,,,,,,,,,*,,,,,,,,,,,,,,,,,,,,
**,,*,,,,,,,,,,,,,,,,,,,,,,,,,,,,
,,,,,,,,,,,,,,,,,,,,,,,,,,,,,,,,,
,,,,,,,,,.............*<,,,,,,,,,
,***,,,,.............#,,,,,,,,,,,
*****,,,..............*,,,,,,,,,,
***,*,,,.............#,,,,,,,,,,,
*,,,,*,,....o.).......,,,,,,,,,,,
,,,,*,,,.....).)@....$,,,,,,,,,,,
*,,,,,,,.....o<(T.....,,,,,,,,,,,
,,,,,,*,......))......,,,,,,,,,,,
*,,,,,,,........o.....,,,,,,,,,,,
**,*,*,,..............,*,,,,,,,*,
**,,,,,...o......c...,,,,,,,,,,,
**,,,,,,...$c........,,,,,,,,,,,,
*,,,,,,,,,,,,,,,,,,,,,,,,,,,,,,,,
**,,,,,,,,,,,,,,,,,,,,,,,,,,,,,,,


You could see an orc knight, a troll, 2 orc warriors, a centaur and an orc
priest.

Vanquished Creatures
  An ettin (Orc:2)
  Harold (D:7)
  2 two-headed ogres
  Urug (D:10)
  2 wizards (D:8)
  Pikel (D:8)
  An orc sorcerer (D:8)
  A manticore (D:12)
  2 ugly things (D:12)
  3 trolls (D:10)
  A hornet (D:12)
  4 slime creatures (D:12)
  3 hippogriffs
  8 yaks
  A shadow (D:10)
  3 hogs (D:10)
  A human (D:10)
  Eustachio (D:5)
  A steam dragon (D:8)
  2 basilisks (D:10)
  Menkaure (D:7)
  A hungry ghost (D:7)
  2 water moccasins
  A warg (Orc:1)
  An acid dragon (D:12)
  Duvessa (D:7)
  3 porcupines (D:10)
  3 phantoms
  3 ice beasts
  3 sky beasts
  12 orc warriors
  2 black bears (D:8)
  A necrophage (D:9)
  4 centaurs
  9 ogres
  2 crocodiles (D:10)
  Blork the orc (D:4)
  A big kobold (D:10)
  4 bullfrogs
  Dowan (D:7)
  A water moccasin zombie (D:5)
  A wyvern skeleton (D:11)
  4 scorpions
  4 killer bees
  8 wights
  3 howler monkeys
  2 lava snakes (D:10)
  A bullfrog zombie (D:11)
  2 centaur zombies
  2 crimson imps
  14 orc priests
  9 hounds
  2 centaur skeletons
  3 jellies
  3 bullfrog skeletons
  A gnoll shaman (D:8)
  16 orc wizards
  9 iguanas
  12 worker ants
  A killer bee zombie (D:8)
  A hound zombie (D:6)
  A hound skeleton (D:6)
  Robin (D:4)
  2 worker ant zombies
  7 adders
  18 gnolls
  A howler monkey skeleton (D:9)
  3 shadow imps
  3 oozes
  An adder skeleton (D:8)
  3 worms
  A dart slug (D:1)
  9 leopard geckos
  60 orcs
  6 bats
  5 giant cockroaches
  9 goblins
  6 hobgoblins
  11 jackals
  8 quokkas
  5 frilled lizards
  A jackal skeleton (D:6)
  8 kobolds
  A quokka skeleton (D:6)
  6 rats
  2 plants (D:10)
373 creatures vanquished.

Vanquished Creatures (collateral kills)
  Maurice (D:8)
  An adder (D:7)
2 creatures vanquished.

Vanquished Creatures (others)
  A slave (D:8)
  A fungus (D:10)
  7 plants
9 creatures vanquished.

Grand Total: 384 creatures vanquished

Notes
Turn   | Place    | Note
-------+----------+-------------------------------------------
     0 | D:1      | bartek7090 the Demonspawn Berserker began the quest for the
                  | Orb.
     0 | D:1      | Reached XP level 1. HP: 18/18 MP: 1/1
   466 | D:1      | Gained mutation: You sometimes gain a little power by
                  | taking damage. [demonic ancestry]
   466 | D:1      | Reached XP level 2. HP: 24/24 MP: 2/2
  1073 | D:2      | Gained mutation: You are partially covered in large bone
                  | plates. (SH +4) [demonic ancestry]
  1073 | D:2      | Reached XP level 3. HP: 29/29 MP: 3/3
  1254 | D:2      | Reached ** piety under Trog
  2022 | D:3      | Reached XP level 4. HP: 31/37 MP: 4/4
  2451 | D:3      | Found a basalt altar of Yredelemnul.
  2668 | D:3      | Found a faded altar of an unknown god.
  2942 | D:4      | Noticed Blork the orc
  2951 | D:4      | Killed Blork the orc
  2951 | D:4      | Gained mutation: You are slightly more attuned to the
                  | shadows. [demonic ancestry]
  2951 | D:4      | Reached XP level 5. HP: 42/42 MP: 5/5
  3044 | D:4      | Reached skill level 5 in Axes
  3638 | D:4      | Reached XP level 6. HP: 33/49 MP: 6/6
  3885 | D:4      | Noticed Robin
  3898 | D:4      | Killed Robin
  3902 | D:4      | Reached *** piety under Trog
  4182 | D:5      | Entered Level 5 of the Dungeon
  4182 | D:5      | Noticed a sky beast
  4280 | D:5      | Reached skill level 5 in Fighting
  4298 | D:5      | Killed a sky beast
  4298 | D:5      | Gained mutation: You sometimes gain power by taking damage.
                  | [demonic ancestry]
  4298 | D:5      | Reached XP level 7. HP: 37/56 MP: 7/7
  5358 | D:5      | Found a staircase to the Ecumenical Temple.
  5402 | D:5      | Gained mutation: You are significantly more attuned to the
                  | shadows. [demonic ancestry]
  5402 | D:5      | Reached XP level 8. HP: 46/64 MP: 8/8
  5680 | D:5      | Noticed Eustachio
  5719 | D:5      | Killed Eustachio
  5719 | D:5      | Reached **** piety under Trog
  5979 | D:5      | Found an opulent altar of Gozag.
  6410 | D:6      | Found a snail-covered altar of Cheibriados.
  6470 | D:6      | Found an ancient bone altar of Kikubaaqudgha.
  7672 | D:7      | Noticed Menkaure
  7755 | D:7      | Gained mutation: You are powered by pain. [demonic
                  | ancestry]
  7755 | D:7      | Reached XP level 9. HP: 74/74 MP: 9/9
  8084 | D:7      | Noticed Harold
  8532 | D:7      | Killed Harold
  8896 | D:7      | Reached skill level 10 in Axes
  9094 | D:7      | Noticed Duvessa
  9094 | D:7      | Noticed Dowan
  9106 | D:7      | Killed Duvessa
  9112 | D:7      | Killed Dowan
  9185 | D:7      | Killed Menkaure
  9330 | D:7      | Found a shattered altar of Ashenzari.
  9336 | D:7      | Reached ***** piety under Trog
  9716 | D:8      | Reached XP level 10. HP: 65/85 MP: 10/10
  9817 | D:8      | Noticed an orc sorcerer
  9822 | D:8      | Paralysed by an orc sorcerer for 3 turns
  9826 | D:8      | Noticed an orange demon
  9826 | D:8      | Killed an orc sorcerer
  9826 | D:8      | Reached skill level 10 in Fighting
 10091 | D:8      | Found an iron altar of Okawaru.
 10149 | D:8      | Noticed a two-headed ogre
 10167 | D:8      | Killed a two-headed ogre
 10520 | D:8      | Noticed a wizard
 10531 | D:8      | Killed a wizard
 10531 | D:8      | Received a gift from Trog
 10714 | D:8      | Noticed Pikel
 10722 | D:8      | Killed Pikel
 10794 | D:8      | Noticed Maurice
 10817 | D:8      | Killed Maurice
 10820 | D:8      | Noticed a wizard
 10836 | D:8      | Killed a wizard
 11245 | D:9      | Gained mutation: You have sharp fingernails. [demonic
                  | ancestry]
 11245 | D:9      | Reached XP level 11. HP: 93/93 MP: 11/11
 11253 | D:9      | Found Hausar's Armour Boutique.
 11263 | D:9      | Bought a scarf of spirit shield for 135 gold pieces
 11284 | D:9      | Found an opulent altar of Gozag.
 11323 | D:9      | Found a burning altar of Makhleb.
 11409 | D:9      | Noticed a two-headed ogre
 11417 | D:9      | Killed a two-headed ogre
 11633 | D:9      | Identified Lonwioqucey's Collected Works on Igneous
                  | Conjuration
 11866 | D:9      | Found a shadowy altar of Dithmenos.
 12230 | D:10     | Entered Level 10 of the Dungeon
 12742 | D:10     | Found a staircase to the Lair.
 12757 | D:10     | Noticed Urug
 13372 | D:10     | Received a gift from Trog
 13459 | D:10     | Killed Urug
 13821 | D:10     | Found a glowing golden altar of the Shining One.
 15164 | D:11     | Found Jefuthawk's Weapon Emporium.
 15393 | D:12     | Gained mutation: You have very sharp fingernails. [demonic
                  | ancestry]
 15393 | D:12     | Reached XP level 12. HP: 42/105 MP: 1/12
 15787 | D:12     | Found a staircase to the Orcish Mines.
 15795 | D:12     | Paralysed by a hornet for 2 turns
 16311 | D:12     | Found Uniokiet's Antique Armour Boutique.
 16594 | D:12     | Got a smoking morningstar
 16595 | D:12     | Identified the +6 morningstar of Extremism {crush, rN++ MR-
                  | Dex+4 Stlth+} (You found it on level 12 of the Dungeon)
 16735 | D:12     | Found a shimmering altar of Xom.
 16735 | D:12     | Found a shimmering altar of Xom.
 16736 | D:12     | Found a shimmering altar of Xom.
 16737 | D:12     | Found a shimmering altar of Xom.
 17055 | Orc:1    | Entered Level 1 of the Orcish Mines
 17433 | Orc:2    | Entered Level 2 of the Orcish Mines
 17646 | Orc:2    | Noticed an ettin
 17651 | Orc:2    | HP: 7/159 [orc warrior/+0 flail (9)]
 17652 | Orc:2    | Killed an ettin
 17655 | Orc:2    | Slain by a troll

Skill      XL: |  1  2  3  4  5  6  7  8  9 10 11 |
---------------+----------------------------------+-----
Axes           | 3 4 5 6 7 9 10 11 13 | 13.9
Fighting       | 4 5 6 7 9 11 13 | 13.9
Armour         | |  1.7
Dodging        | |  1.7

Action                   |  1- 3 |  4- 6 |  7- 9 | 10-12 || total
-------------------------+-------+-------+-------+-------++-------
Melee: Hand axe          |    48 |       |       |       ||    48
       Dagger            |    92 |   150 |   364 |       ||   606
       War axe           |       |       |   120 |   302 ||   422
       Executioner's axe |       |       |       |   168 ||   168
Invok: Berserk           |     4 |     4 |    13 |    18 ||    39
       Trog's Hand       |       |       |     1 |       ||     1
       Brothers in Arms  |       |       |     1 |     1 ||     2
Evoke: Wand              |       |       |     3 |       ||     3
  Use: Scroll            |       |     2 |       |    12 ||    14
       Potion            |       |       |     3 |     4 ||     7
 Stab: Sleeping          |     1 |     6 |     8 |     5 ||    20
       Paralysed         |       |       |     7 |       ||     7
       Distracted        |       |       |       |     1 ||     1
  Eat: Ration            |     3 |       |     5 |    10 ||    18
       Chunk             |     1 |     6 |    13 |    16 ||    36
Armor: Animal skin       |    15 |    12 |    51 |       ||    78
       Scale mail        |       |       |    46 |   145 ||   191
Dodge: Dodged            |    88 |    59 |   245 |   204 ||   596
Block: Other             |    13 |    21 |    79 |    73 ||   186
